[Event "Titled Tuesday Blitz August 3 2021"]
[White "Kalashian, David"]
[Black "Briscoe, Chris"]
[WhiteFideId "13302418"]
[BlackFideId "408360"]
[WhiteElo "2490"]
[BlackElo "2111"]
[Result "1-0"]
[Round "06"]
[TimeControl "180+1"]
[Date "2021.08.03"]
[WhiteClock "0:01:38"]
[BlackClock "0:00:12"]

1. e4 c5 2. Nc3 Nc6 3. Nf3 e5 4. Bc4 Be7 5. d3 Nf6 6. Nd2 a6 7. a4 O-O 8. Nf1 Nb4 9. Bg5 d5 10. Bxf6 dxc4 11. Bxe7 Qxe7 12. dxc4 Qg5 13. Ne3 Rd8 14. Ncd5 Nxd5 15. cxd5 f5 16. exf5 Bxf5 17. O-O Be4 18. c4 Rf8 19. Qg4 Qxg4 20. Nxg4 Bd3 21. Rfc1 e4 22. Ne5 Rae8 23. Ng4 h5 24. Ne3 h4 25. h3 Rf6 26. a5 b6 27. b3 Rb8 28. Rc3 Kf7 29. axb6 Rfxb6 30. Ra5 Rxb3 31. Rxb3 Rxb3 32. Rxc5 Ra3 33. Rc7+ Kf6 34. c5 a5 35. d6 Bb5 36. d7 Rd3 37. c6 a4 38. Rc8 a3 39. d8=Q+ Rxd8 40. Rxd8 Bxc6 1-0


[Site "https://www.chess.com"]

[Event "Titled Tuesday Blitz August 3 2021"]
[White "Kim, Sergey"]
[Black "Brunner, Nicolas"]
[WhiteFideId "13700570"]
[BlackFideId "620246"]
[WhiteElo "2577"]
[BlackElo "2372"]
[Result "1-0"]
[Round "06"]
[TimeControl "180+1"]
[Date "2021.08.03"]
[WhiteClock "0:00:45"]
[BlackClock "0:00:29"]

1. d4 Nf6 2. c4 g6 3. Nc3 d5 4. cxd5 Nxd5 5. e4 Nxc3 6. bxc3 Bg7 7. Bc4 O-O 8. Ne2 c5 9. O-O Nc6 10. Be3 Na5 11. Bd3 b6 12. Qd2 e5 13. Bh6 cxd4 14. cxd4 exd4 15. Bxg7 Kxg7 16. f4 Bb7 17. f5 f6 18. Nf4 Bc8 19. fxg6 hxg6 20. e5 f5 21. Rae1 Nc6 22. e6 Qd6 23. Qf2 Ne7 24. Qg3 Rd8 25. Bxf5 Nxf5 26. Qxg6+ Kh8 27. Qxf5 d3 28. Qh5+ Kg7 29. Qg6+ Kh8 30. Rf3 Qd4+ 31. Kh1 Qg7 32. e7 Bb7 33. exd8=Q+ Rxd8 34. Qh5+ Kg8 35. Rg3 d2 36. Rd1 1-0


[Site "https://www.chess.com"]

[Event "Titled Tuesday Blitz August 3 2021"]
[White "Kretov, Evgenij"]
[Black "Daulyte-Cornette, Deimante"]
[WhiteFideId "4167821"]
[BlackFideId "12802859"]
[WhiteElo "2400"]
[BlackElo "2285"]
[Result "1-0"]
[Round "06"]
[TimeControl "180+1"]
[Date "2021.08.03"]
[WhiteClock "0:01:15"]
[BlackClock "0:00:02"]

1. d4 d6 2. Nf3 Nf6 3. c4 g6 4. Nc3 Bf5 5. Qb3 Qc8 6. h3 Bg7 7. g4 Bd7 8. Bg2 c5 9. d5 a6 10. Bd2 O-O 11. a4 e6 12. g5 Nh5 13. O-O-O b5 14. cxb5 axb5 15. Nxb5 Bxb5 16. Qxb5 exd5 17. Ne1 Qf5 18. Nd3 c4 19. Nb4 Qxf2 20. Bxd5 Ra7 21. Rhf1 Qd4 22. Bc3 Qe3+ 23. Bd2 Qd4 24. Nc2 Qe5 25. Bxc4 Rxa4 26. Qxe5 Bxe5 27. b3 Ra2 28. Nb4 Ra7 29. Be3 Rb7 30. Nd5 Nc6 31. Kc2 Na5 32. Rb1 Rc8 33. Kd3 Nxc4 34. bxc4 Rxb1 35. Rxb1 Ng3 36. Ne7+ 1-0


[Site "https://www.chess.com"]

[Event "Titled Tuesday Blitz August 3 2021"]
[White "Krivonosov, Oleg"]
[Black "Spitzl, Vinzent"]
[WhiteFideId "11600349"]
[BlackFideId "12901253"]
[WhiteElo "2469"]
[BlackElo "2192"]
[Result "1/2-1/2"]
[Round "06"]
[TimeControl "180+1"]
[Date "2021.08.03"]
[WhiteClock "0:01:12"]
[BlackClock "0:00:53"]

1. Nf3 d5 2. d4 Nf6 3. c4 e6 4. g3 Bb4+ 5. Bd2 Be7 6. Bg2 O-O 7. O-O Nbd7 8. Qc2 Ne4 9. Bf4 c6 10. Nc3 g5 11. Bc1 f5 12. b3 b6 13. Bb2 Ba6 14. Rfd1 Qe8 15. e3 Rc8 16. Rac1 Qg6 17. Ne5 Nxe5 18. dxe5 Rfd8 19. f3 Nxc3 20. Qxc3 Bb7 21. cxd5 cxd5 22. Qd3 Qe8 23. f4 g4 24. Qd2 Rxc1 25. Rxc1 Rc8 26. Rxc8 Qxc8 27. Qc3 Qxc3 28. Bxc3 Bc5 29. Kf2 Kf7 30. Bf1 Bc6 31. a4 a5 32. Bd3 h5 33. Bd4 Ke7 34. Kg2 Kd7 35. h4 Ke7 36. Kf2 Kd7 37. Ke1 Ke7 38. Kd2 Kd7 39. Ba6 Kc7 40. Kd3 Bd7 41. Bb5 Bxb5+ 42. axb5 Bxd4 43. exd4 Kd7 44. Kc3 Kc7 45. Kb2 Kb7 46. b4 axb4 47. Kb3 Kc7 48. Kxb4 Kb7 49. Kb3 Kc7 50. Kb4 Kb7 51. Kb3 Kc7 52. Kb4 1/2-1/2


[Site "https://www.chess.com"]

[Event "Titled Tuesday Blitz August 3 2021"]
[White "Lagunow, Raphael"]
[Black "Maly, Alexey"]
[WhiteFideId "24652644"]
[BlackFideId "14103184"]
[WhiteElo "2400"]
[BlackElo "2285"]
[Result "0-1"]
[Round "06"]
[TimeControl "180+1"]
[Date "2021.08.03"]
[WhiteClock "0:00:01"]
[BlackClock "0:01:08"]

1. e4 c6 2. Nc3 d5 3. Nf3 Bg4 4. h3 Bxf3 5. Qxf3 e6 6. d3 Nf6 7. Be2 Be7 8. Qe3 d4 9. Qg3 dxc3 10. bxc3 O-O 11. O-O Nbd7 12. f4 Kh8 13. c4 Qb6+ 14. Kh1 Ng8 15. e5 g6 16. c3 Rad8 17. d4 Qa5 18. c5 b6 19. cxb6 axb6 20. h4 c5 21. h5 cxd4 22. cxd4 b5 23. d5 exd5 24. Bb2 Qd2 25. f5 Qxe2 26. Rf2 Qxh5+ 27. Kg1 Bc5 28. e6+ Ndf6 29. fxg6 Qxg6 30. e7 0-1


[Site "https://www.chess.com"]

[Event "Titled Tuesday Blitz August 3 2021"]
[White "Lee, Linden"]
[Black "Liyanage, Ranindu Dilshan"]
[WhiteFideId "30941830"]
[BlackFideId "9915834"]
[WhiteElo "2488"]
[BlackElo "1839"]
[Result "1-0"]
[Round "06"]
[TimeControl "180+1"]
[Date "2021.08.03"]
[WhiteClock "0:00:32"]
[BlackClock "0:00:08"]

1. d4 Nf6 2. c4 e6 3. Nc3 Bb4 4. Qc2 O-O 5. a3 Bxc3+ 6. Qxc3 d6 7. g3 Ne4 8. Qc2 f5 9. Bg2 Nf6 10. Nh3 e5 11. O-O Qe7 12. dxe5 dxe5 13. f3 Nc6 14. e3 Be6 15. Nf2 Rad8 16. b3 Qc5 17. Nd3 Qb6 18. b4 f4 19. gxf4 Bf5 20. c5 Bxd3 21. Qb3+ Kh8 22. cxb6 Bxf1 23. Bxf1 cxb6 24. Bb2 exf4 25. exf4 Nh5 26. Rd1 Rde8 27. b5 Ne7 28. Bd3 Nxf4 29. Be4 Ng8 30. Kh1 Nh3 31. Rd7 Nf6 32. Bxf6 Rxf6 33. Kg2 Nf4+ 34. Kg3 Ne6 35. Qd5 Nc5 36. Re7 Ref8 37. Qh5 h6 38. Qg4 g5 39. Qh5 Ne6 40. Rh7+ Kg8 41. Rxh6 1-0


[Site "https://www.chess.com"]

[Event "Titled Tuesday Blitz August 3 2021"]
[White "Ljukin, Sergei"]
[Black "Nazaretyan, Tigran"]
[WhiteFideId "14102200"]
[BlackFideId "24162345"]
[WhiteElo "2309"]
[BlackElo "2214"]
[Result "0-1"]
[Round "06"]
[TimeControl "180+1"]
[Date "2021.08.03"]
[WhiteClock "0:00:01"]
[BlackClock "0:00:05"]

1. e4 c5 2. Nf3 Nc6 3. d4 cxd4 4. Nxd4 Nf6 5. Nc3 d6 6. Bc4 e5 7. Nxc6 bxc6 8. Bg5 h6 9. Bh4 Be7 10. Qd3 O-O 11. O-O-O Ne8 12. Bxe7 Qxe7 13. Kb1 Kh8 14. Rhf1 f5 15. f3 Rb8 16. h3 Rb4 17. a3 Rb6 18. g4 f4 19. Ka2 Be6 20. b3 Qf7 21. Bxe6 Qxe6 22. Na4 Rb5 23. c4 Rb7 24. c5 Rd7 25. cxd6 Rxd6 26. Qc4 Qd7 27. Nc5 Rd2+ 28. Rxd2 Qxd2+ 29. Kb1 Nd6 30. Qc2 Qxc2+ 31. Kxc2 Nb5 32. a4 Nd4+ 33. Kc3 a5 34. b4 axb4+ 35. Kxb4 Rb8+ 36. Kc4 Rb2 37. Ra1 Rc2+ 38. Kb4 Nxf3 39. a5 Nd2 40. a6 Rc4+ 41. Ka5 Rxc5+ 42. Kb6 Rb5+ 43. Kc7 Nc4 44. a7 Nb6 45. Kxc6 Rb2 46. Kb7 f3 47. Ra6 f2 48. Rxb6 Rxb6+ 49. Kxb6 f1=Q 50. a8=Q+ Kh7 51. Qc8 Qb1+ 52. Kc7 Qxe4 53. Kd6 Qd4+ 54. Ke7 Qf4 55. Qc2+ e4 56. Ke6 Kg6 57. Kd5 Kg5 58. Qg2 Qf3 59. Qh2 e3+ 0-1


[Site "https://www.chess.com"]

[Event "Titled Tuesday Blitz August 3 2021"]
[White "Martin Duque, Jesus"]
[Black "Al-Tarboush, Ward"]
[WhiteFideId "2208954"]
[BlackFideId "7601450"]
[WhiteElo "2224"]
[BlackElo "2319"]
[Result "0-1"]
[Round "06"]
[TimeControl "180+1"]
[Date "2021.08.03"]
[WhiteClock "0:00:24"]
[BlackClock "0:00:30"]

1. Nf3 d5 2. b3 c6 3. Bb2 Nf6 4. g3 Bf5 5. Bg2 Nbd7 6. d3 e6 7. Nbd2 Be7 8. O-O O-O 9. Re1 h6 10. e4 Bh7 11. Qe2 dxe4 12. dxe4 Qc7 13. Red1 Rfe8 14. Ne1 e5 15. Nd3 Rad8 16. Nc4 Bf8 17. Ndxe5 Nxe5 18. Rxd8 Qxd8 19. Nxe5 Qc7 20. Nd3 Nxe4 21. Re1 Nf6 22. Qd2 Rxe1+ 23. Qxe1 Nd5 24. Qe8 Qd6 25. Bxd5 cxd5 26. Bd4 b6 27. Ne5 Qe6 28. Qxe6 fxe6 29. c3 Bb1 30. Nc6 Bxa2 31. Nxa7 Bxb3 32. Bxb6 Ba4 33. Bc7 Bd7 34. Bb6 Kf7 35. Kf1 e5 36. Ke2 Ke6 37. Kd3 g5 38. c4 e4+ 39. Kc3 g4 40. Nb5 dxc4 41. Kxc4 Bxb5+ 42. Kxb5 Kd5 43. Be3 h5 44. Ba7 Bg7 45. Be3 Bc3 46. Ba7 Bd4 47. Bxd4 Kxd4 48. Kb4 e3 49. f3 0-1


[Site "https://www.chess.com"]

[Event "Titled Tuesday Blitz August 3 2021"]
[White "Mekhitarian, Krikor Sevag"]
[Black "FGHSMN"]
[WhiteFideId "2107660"]
[WhiteElo "2598"]
[BlackElo "2511"]
[Result "0-1"]
[Round "06"]
[TimeControl "180+1"]
[Date "2021.08.03"]
[WhiteClock "0:00:02"]
[BlackClock "0:00:04"]

1. d4 Nf6 2. Bf4 e6 3. e3 c5 4. c3 Nc6 5. Nd2 Be7 6. h3 O-O 7. Ngf3 b6 8. Bd3 Bb7 9. Qe2 d6 10. Bh2 Re8 11. a3 Rc8 12. O-O Bf8 13. Rad1 d5 14. Rfe1 Nd7 15. Bb1 e5 16. dxe5 Ndxe5 17. Nxe5 Nxe5 18. Bxh7+ Kxh7 19. Qh5+ Kg8 20. Bxe5 f6 21. Bg3 Qd7 22. c4 d4 23. Nf3 d3 24. Nd2 Rcd8 25. b3 f5 26. a4 Qc6 27. f3 g6 28. Qg5 Bg7 29. e4 fxe4 30. Nxe4 Bc8 31. Kh2 Bf5 32. Nf2 Kh7 33. Ng4 Rxe1 34. Rxe1 d2 35. Qxd8 dxe1=Q 36. Bxe1 Bxg4 37. hxg4 Qe6 38. Bg3 Qe3 39. Qc7 Kh8 40. Qxa7 Qxb3 41. Qb8+ Kh7 42. Qc7 Kh8 43. Be5 Bxe5+ 44. Qxe5+ Kh7 45. Qd5 Qxa4 46. Qb7+ Kh8 47. Qxb6 Qxc4 48. Qxg6 Qf4+ 49. Kh3 c4 50. Qe8+ Kg7 51. Qd7+ Kh8 52. Qc8+ Kg7 53. Qd7+ Kh8 54. Qc6 Qd4 55. Kg3 c3 56. Qc8+ Kg7 57. Qc7+ Kf8 58. Qc8+ Ke7 59. Kh3 Qd2 60. Qc7+ Ke6 61. Qc6+ Ke5 62. f4+ Kxf4 63. Qf6+ Ke4 64. Qf5+ Kd4 65. Qd7+ Ke3 66. Qe6+ Kf2 67. Qf5+ Ke1 68. Qe4+ Qe2 69. Qb1+ Qd1 70. Qe4+ Kd2 71. g5 c2 72. Qd4+ Ke2 73. Qe4+ Kf1 74. Qf4+ Kg1 75. Qe3+ Kh1 76. g4 Qf1+ 77. Kh4 c1=Q 78. Qe4+ Qg2 79. Qe5 Qcg1 80. Kh5 Q1h2+ 81. Kg6 Qxe5 0-1


[Site "https://www.chess.com"]

[Event "Titled Tuesday Blitz August 3 2021"]
[White "Melikhov, Evgeny V."]
[Black "Levitskiy, Andrey"]
[WhiteFideId "4122046"]
[BlackFideId "14132885"]
[WhiteElo "1965"]
[BlackElo "2323"]
[Result "0-1"]
[Round "06"]
[TimeControl "180+1"]
[Date "2021.08.03"]
[WhiteClock "0:00:27"]
[BlackClock "0:00:21"]

1. d4 Nf6 2. c4 e6 3. Nc3 Bb4 4. Qc2 Nc6 5. e3 d6 6. a3 Bxc3+ 7. Qxc3 a5 8. b3 Qe7 9. Bb2 e5 10. dxe5 dxe5 11. Nf3 Ne4 12. Qc2 Nc5 13. Be2 O-O 14. O-O g6 15. b4 Bf5 16. Qc3 Na4 17. Qb3 axb4 18. axb4 Nxb2 19. Qxb2 Qxb4 20. Qxb4 Nxb4 21. Nxe5 Nc2 22. Rad1 Rfd8 23. Bd3 Bxd3 24. Rxd3 f6 25. Nd7 Kf7 26. Rfd1 Ke7 27. g4 Ra1 28. Rxa1 Nxa1 29. Ra3 Nc2 30. Rc3 Rxd7 31. Rxc2 Rd1+ 32. Kg2 Kd6 33. Kf3 Kc5 34. Ke4 b6 35. h4 Rh1 36. Rd2 Rxh4 37. f4 Rxg4 38. Rd7 c6 39. Rxh7 Kxc4 40. Rf7 f5+ 41. Ke5 Rg3 42. Kf6 Rxe3 43. Kxg6 c5 44. Kxf5 b5 45. Rb7 b4 46. Kg6 Rg3+ 47. Kf6 Rf3 48. f5 b3 49. Ke6 Kc3 50. f6 c4 51. f7 b2 52. Rb5 Rxf7 53. Kxf7 Kc2 0-1


[Site "https://www.chess.com"]

[Event "Titled Tuesday Blitz August 3 2021"]
[White "Mikhailovsky, Vladimir"]
[Black "Gupta, Abhijeet"]
[WhiteFideId "34105414"]
[BlackFideId "5010608"]
[WhiteElo "2315"]
[BlackElo "2549"]
[Result "1-0"]
[Round "06"]
[TimeControl "180+1"]
[Date "2021.08.03"]
[WhiteClock "0:00:08"]
[BlackClock "0:00:14"]

1. e4 c5 2. Nf3 d6 3. d4 cxd4 4. Qxd4 Nc6 5. Qe3 g6 6. c4 Bg7 7. Nc3 Nf6 8. Be2 O-O 9. h3 Nd7 10. O-O Nc5 11. Rd1 Be6 12. Rb1 Bxc3 13. Qxc3 Nxe4 14. Qe3 Nf6 15. Qh6 Bf5 16. Bd3 Qd7 17. Ng5 Bxd3 18. Rxd3 Qf5 19. Rf3 Qxb1 20. Rxf6 Qxc1+ 21. Kh2 Qxg5 22. Qxg5 exf6 23. Qxf6 Rad8 24. a3 Rfe8 25. b4 Re6 26. Qh4 Rde8 27. b5 Ne5 28. Qd4 b6 29. a4 Rc8 30. a5 Nxc4 31. a6 Rc5 32. Qh4 Re8 33. Qg4 Ne5 34. Qe4 d5 35. Qh4 Rxb5 36. Qa4 Rd8 37. Qxb5 f6 38. Qb4 Rd7 39. Qd4 Kf7 40. Kg3 g5 41. f4 gxf4+ 42. Kxf4 Nc6 43. Qc3 Nd8 44. Qc8 Ke7 45. Ke3 d4+ 46. Kd2 Ne6 47. Qg8 Kd6 48. Qg3+ Ke7 49. Qg8 Ng5 50. Kd3 Ne6 51. Qxh7+ Kd6 52. Qh8 Ke5 53. Qb8+ Kd5 54. Qa8+ Kd6 55. h4 Ke7 56. h5 Nf4+ 57. Kd2 Nxh5 58. Qe4+ Kf7 59. Qf5 Re7 60. Qxh5+ Ke6 61. Kd3 Rd7 62. Qg4+ Kd6 63. Qf5 Ke7 64. g4 Rd6 65. Qe4+ Kd8 66. Qa8+ Ke7 67. Qxa7+ Ke6 68. Qb8 Rc6 69. a7 Rc3+ 70. Kxd4 1-0


[Site "https://www.chess.com"]

[Event "Titled Tuesday Blitz August 3 2021"]
[White "Mirzoev, Azer"]
[Black "Yoo, Christopher Woojin"]
[WhiteFideId "13400304"]
[BlackFideId "30909694"]
[WhiteElo "2525"]
[BlackElo "2105"]
[Result "1/2-1/2"]
[Round "06"]
[TimeControl "180+1"]
[Date "2021.08.03"]
[WhiteClock "0:00:18"]
[BlackClock "0:00:23"]

1. d4 Nf6 2. c4 e6 3. Nc3 d5 4. Bg5 Be7 5. e3 O-O 6. Nf3 h6 7. Bh4 dxc4 8. Bxc4 c5 9. O-O cxd4 10. exd4 Nc6 11. a3 b6 12. Re1 Bb7 13. Qd3 Na5 14. Ba2 Nd5 15. Bxd5 Bxh4 16. Bxb7 Nxb7 17. Nxh4 Qxh4 18. Qf3 Nd6 19. d5 exd5 20. Nxd5 Rae8 21. g3 Qg5 22. Rad1 Rxe1+ 23. Rxe1 Re8 24. Rxe8+ Nxe8 25. Kg2 Nd6 26. Ne3 Qe7 27. h4 g6 28. Qd5 Kg7 29. Nc4 Nxc4 30. Qxc4 Qe5 31. b4 g5 32. hxg5 hxg5 33. Qc6 g4 34. Qb7 a5 35. Qxb6 Qe4+ 36. Kg1 Qb1+ 37. Kg2 Qe4+ 38. Kh2 Qh7+ 39. Kg2 Qe4+ 1/2-1/2


[Site "https://www.chess.com"]

[Event "Titled Tuesday Blitz August 3 2021"]
[White "Molina, Roberto Junio Brito"]
[Black "Svane, Rasmus"]
[WhiteFideId "2109450"]
[BlackFideId "4657101"]
[WhiteElo "2402"]
[BlackElo "2669"]
[Result "0-1"]
[Round "06"]
[TimeControl "180+1"]
[Date "2021.08.03"]
[WhiteClock "0:00:03"]
[BlackClock "0:00:48"]

1. d4 Nf6 2. c4 e6 3. Nf3 d5 4. Nc3 Be7 5. cxd5 exd5 6. Bg5 c6 7. e3 Bf5 8. Bd3 Bxd3 9. Qxd3 Nbd7 10. O-O O-O 11. Rab1 a5 12. Nd2 Re8 13. Bh4 Nb6 14. b3 Nh5 15. Bxe7 Qxe7 16. Na4 Nd7 17. Rbc1 Nhf6 18. Nc5 Nxc5 19. Rxc5 Nd7 20. Rc2 Nb6 21. g3 g6 22. Rb1 Nc8 23. Kg2 Nd6 24. h4 Kg7 25. Rbc1 a4 26. Rb2 axb3 27. Qxb3 Ra7 28. Qb4 Rea8 29. Rcc2 Qe6 30. Qc3 Ra3 31. Qb4 R8a4 32. Qb6 Ra8 33. Qb4 R3a4 34. Qc3 h6 35. Qd3 Qg4 36. Nf3 Ra3 37. Qe2 Qc8 38. Ne5 R8a7 39. h5 g5 40. Rb1 Qe6 41. Rbb2 Nb5 42. Kg1 Qf5 43. Rd2 Nc3 44. Qf3 Qxf3 45. Nxf3 Rxa2 46. Ne5 f6 47. Nd3 Rxb2 48. Rxb2 Ne4 49. Kg2 Kf7 50. f3 Nd6 51. Nc5 Ke7 52. e4 dxe4 53. fxe4 b5 54. d5 Nc4 55. Rb4 Kd6 0-1


[Site "https://www.chess.com"]

[Event "Titled Tuesday Blitz August 3 2021"]
[White "Murzin, Volodar"]
[Black "Mortazavi, Ali"]
[WhiteFideId "44155573"]
[BlackFideId "401323"]
[WhiteElo "2541"]
[BlackElo "2339"]
[Result "1-0"]
[Round "06"]
[TimeControl "180+1"]
[Date "2021.08.03"]
[WhiteClock "0:00:11"]
[BlackClock "0:00:14"]

1. e4 c6 2. Nf3 d5 3. Nc3 dxe4 4. Nxe4 Nf6 5. Nxf6+ exf6 6. Bc4 Bd6 7. Qe2+ Be7 8. O-O O-O 9. d4 Bd6 10. c3 Re8 11. Qc2 Nd7 12. Nh4 Nb6 13. Bb3 Be6 14. Nf5 Bf8 15. Ne3 g6 16. Bd2 f5 17. Bxe6 Rxe6 18. Rae1 Bd6 19. a4 f4 20. Ng4 Rxe1 21. Rxe1 Qg5 22. Ne5 Re8 23. a5 Nd5 24. c4 Nf6 25. Nf3 Rxe1+ 26. Bxe1 Qh5 27. b4 a6 28. h3 g5 29. Qf5 Qg6 30. Qxg5 Ne4 31. Qxg6+ hxg6 32. c5 Bf8 33. Kf1 Bg7 34. Ke2 f5 35. Kd3 Kf7 36. Kc4 Ke6 37. Nd2 Bf6 38. f3 Ng5 39. Nb1 Nf7 40. Nc3 Kd7 41. d5 Ne5+ 42. Kb3 Nd3 43. Bd2 Bxc3 44. Kxc3 cxd5 45. Kxd3 Kc6 46. Bxf4 g5 47. Bd2 f4 48. h4 gxh4 49. Bxf4 Kb5 50. Kd4 Kxb4 51. Bd2+ Kb3 52. Kxd5 Kc2 53. Be1 Kd1 54. Bxh4 Ke2 55. Bd8 Kd3 56. Kd6 Kc3 57. Kc7 Kb4 58. Kb6 Ka4 59. f4 Kb4 60. f5 Kc4 61. f6 Kd5 62. f7 Ke6 63. f8=Q Kd7 64. Qe7+ Kc8 65. Qc7# 1-0


[Site "https://www.chess.com"]

[Event "Titled Tuesday Blitz August 3 2021"]
[White "Najdin, Danil"]
[Black "Srihari L R"]
[WhiteFideId "4172426"]
[BlackFideId "46617116"]
[WhiteElo "2193"]
[BlackElo "2121"]
[Result "0-1"]
[Round "06"]
[TimeControl "180+1"]
[Date "2021.08.03"]
[WhiteClock "0:00:13"]
[BlackClock "0:00:20"]

1. e4 d6 2. d4 Nf6 3. Nc3 e5 4. Nf3 exd4 5. Nxd4 Be7 6. Bc4 O-O 7. O-O Nc6 8. Nxc6 bxc6 9. f4 Be6 10. Bb3 Bxb3 11. axb3 d5 12. e5 Nd7 13. Be3 f5 14. Rxa7 Rxa7 15. Bxa7 Qa8 16. Be3 Bc5 17. Bxc5 Nxc5 18. Qa1 Qb7 19. Qa5 Ne6 20. Na4 Ra8 21. Qc3 Qb5 22. h3 Rf8 23. Rf2 c5 24. Qf3 c6 25. Kh2 Qb4 26. Nc3 Ra8 27. Rf1 g6 28. g4 Rf8 29. Nxd5 cxd5 30. Qxd5 Qb6 31. gxf5 Rxf5 32. Ra1 Kg7 33. Ra8 Nxf4 34. Rg8+ Kh6 35. Qd7 Qe6 36. Qg7+ Kg5 37. Qxh7 Qxe5 38. h4+ Kg4 39. Rxg6+ Nxg6+ 0-1


[Site "https://www.chess.com"]

[Event "Titled Tuesday Blitz August 3 2021"]
[White "Nguyen, Hong Anh"]
[Black "Petrovskyi, Vadym"]
[WhiteFideId "12406732"]
[BlackFideId "14165210"]
[WhiteElo "1974"]
[BlackElo "2305"]
[Result "1/2-1/2"]
[Round "06"]
[TimeControl "180+1"]
[Date "2021.08.03"]
[WhiteClock "0:00:26"]
[BlackClock "0:00:28"]

1. d4 Nf6 2. c4 g6 3. Nf3 Bg7 4. g3 O-O 5. Bg2 d6 6. O-O Nbd7 7. Nc3 e5 8. e4 c6 9. h3 exd4 10. Nxd4 Qb6 11. b3 Nxe4 12. Nxe4 Qxd4 13. Qxd4 Bxd4 14. Rb1 Nc5 15. Nxd6 Bg7 16. Nxc8 Raxc8 17. Be3 Ne6 18. Rbd1 a6 19. Rd7 Rc7 20. Rfd1 Rfc8 21. Bb6 Rxd7 22. Rxd7 Rb8 23. Ba7 Rd8 24. Rxb7 Rd1+ 25. Kh2 c5 26. Bd5 Bd4 27. f4 Rd2+ 28. Kh1 Rxa2 29. Bb8 Ra1+ 30. Kg2 Ra2+ 31. Kf1 Rf2+ 32. Ke1 Rh2 33. h4 Rh3 34. g4 Rxh4 35. f5 gxf5 36. gxf5 Ng5 37. Bd6 Rh3 38. Bf4 h6 39. Bxg5 hxg5 40. Rxf7 Kh8 41. Rb7 g4 42. Kf1 Rh2 43. Rb8+ Kg7 1/2-1/2


[Site "https://www.chess.com"]

[Event "Titled Tuesday Blitz August 3 2021"]
[White "Nozdrachev, Leonid"]
[Black "Bethke, Richard"]
[WhiteFideId "24113433"]
[BlackFideId "12959243"]
[WhiteElo "2221"]
[BlackElo "2390"]
[Result "0-1"]
[Round "06"]
[TimeControl "180+1"]
[Date "2021.08.03"]
[WhiteClock "0:00:13"]
[BlackClock "0:00:12"]

1. e4 c5 2. c3 Nf6 3. e5 Nd5 4. d4 cxd4 5. Nf3 Nc6 6. Bc4 Nb6 7. Bb3 d5 8. exd6 Qxd6 9. O-O g6 10. Na3 a6 11. cxd4 Bg7 12. d5 Ne5 13. Be3 O-O 14. Nxe5 Bxe5 15. Bxb6 Qxb6 16. Nc4 Qd4 17. Nxe5 Qxe5 18. Re1 Qd6 19. Qe2 Re8 20. Rac1 Bf5 21. h3 h5 22. Qe5 Qxe5 23. Rxe5 Rac8 24. Rxc8 Bxc8 25. d6 e6 26. Rc5 Rd8 27. Rc7 b5 28. Bc2 Kf8 29. Be4 Bd7 30. b4 Be8 31. d7 Rxd7 32. Rxd7 Bxd7 33. Bb7 Ke7 34. Bxa6 Bc6 35. g4 h4 36. f4 Kd8 37. Kf2 Kc7 38. a3 Bd7 39. a4 bxa4 40. Bc4 a3 41. f5 Kd6 42. Ke3 Bc6 43. Bxe6 fxe6 44. fxg6 Be8 45. g7 Bf7 46. g5 a2 47. g6 Bg8 48. b5 a1=Q 49. b6 Qxg7 50. b7 Qxb7 51. Kf4 Qg7 52. Kg5 Ke5 53. Kxh4 Kf4 54. Kh5 Qh8# 0-1


[Site "https://www.chess.com"]

[Event "Titled Tuesday Blitz August 3 2021"]
[White "Omk124"]
[Black "Boraso, Alessio"]
[BlackFideId "848077"]
[WhiteElo "2530"]
[BlackElo "2277"]
[Result "1/2-1/2"]
[Round "06"]
[TimeControl "180+1"]
[Date "2021.08.03"]
[WhiteClock "0:00:23"]
[BlackClock "0:00:03"]

1. e4 Nf6 2. e5 Nd5 3. d4 d6 4. c4 Nb6 5. exd6 cxd6 6. Nc3 g6 7. Nf3 Bg4 8. h3 Bxf3 9. Qxf3 Nc6 10. Be3 Bg7 11. Qd1 O-O 12. Be2 f5 13. Qd2 f4 14. Bxf4 Nxd4 15. Be3 Nf5 16. O-O Rc8 17. Rac1 Nxe3 18. Qxe3 Kh8 19. b3 Rc5 20. Bf3 Qc8 21. Ne4 Re5 22. Qd3 Qf5 23. Rcd1 Qf4 24. Ng3 Nd7 25. Rfe1 Nc5 26. Qc2 a5 27. Ne4 b6 28. Nxc5 bxc5 29. Bd5 Rxe1+ 30. Rxe1 Bd4 31. Re2 e5 32. Bf3 Rf5 33. Re4 Qh6 34. Re2 Rg5 35. Kh2 Qh4 36. g3 Qh6 37. Qe4 Rf5 38. Qa8+ Qf8 39. Qxf8+ Rxf8 40. Kg2 Rf7 41. Bd5 Ra7 42. f4 Kg7 43. fxe5 Bxe5 44. Rf2 a4 45. g4 axb3 46. axb3 Ra3 47. g5 Ra7 48. h4 h6 49. Kh3 hxg5 50. hxg5 Rc7 51. Kg4 Re7 52. Ra2 Rc7 53. Ra8 Rd7 54. Re8 Rc7 55. Re6 Rd7 56. Be4 Kh7 57. Rxg6 Kh8 58. Rh6+ Kg8 59. Bd5+ Kg7 60. Kf5 Re7 61. Rg6+ Kh7 62. Bg8+ Kh8 63. Be6 Re8 64. Rh6+ Kg7 65. Rg6+ Kh7 66. Bf7 Rf8 67. Ke6 Rd8 68. Rh6+ Kg7 69. Bh5 Rh8 70. Rxh8 Kxh8 71. Kf7 Bg7 72. Bg6 Be5 73. Be4 Bg7 74. Ke6 Be5 75. Kd5 Kg7 76. Ke6 Bf4 77. g6 Be5 78. b4 cxb4 79. c5 Bf4 80. c6 d5 81. Kxd5 b3 82. Kc4 b2 83. Kb3 Be5 84. Kc2 Kf6 85. Kb1 Ke7 86. Ka2 Kd6 87. Kb3 b1=Q+ 88. Bxb1 Kxc6 89. Kc4 Kd6 90. g7 Bxg7 1/2-1/2


[Site "https://www.chess.com"]

[Event "Titled Tuesday Blitz August 3 2021"]
[White "Onyshchuk, Volodymyr"]
[Black "Korchmar, Vasiliy"]
[WhiteFideId "14114038"]
[BlackFideId "24131750"]
[WhiteElo "2603"]
[BlackElo "2370"]
[Result "1-0"]
[Round "06"]
[TimeControl "180+1"]
[Date "2021.08.03"]
[WhiteClock "0:01:07"]
[BlackClock "0:00:31"]

1. e4 c5 2. Ne2 d6 3. g3 Nc6 4. Bg2 g6 5. c3 Bg7 6. d4 cxd4 7. cxd4 Qb6 8. d5 Ne5 9. O-O Bg4 10. Nbc3 Nf3+ 11. Kh1 h5 12. Be3 Qd8 13. Qa4+ Kf8 14. Ng1 Nxg1 15. Kxg1 h4 16. Rac1 Nf6 17. Qb3 hxg3 18. hxg3 Nd7 19. f3 Bh3 20. Bxh3 Rxh3 21. Kg2 Rh5 22. Nb5 a6 23. Nd4 Nc5 24. Qc2 Qd7 25. g4 Rh7 26. b4 Na4 27. Qc7 Qe8 28. Qxb7 Rb8 29. Qxa6 Be5 30. f4 Qd7 31. Ne6+ fxe6 32. fxe5+ Kg8 33. Qc6 1-0


[Site "https://www.chess.com"]

[Event "Titled Tuesday Blitz August 3 2021"]
[White "Oparin, Grigoriy"]
[Black "Bortnyk, Olexandr"]
[WhiteFideId "24125890"]
[BlackFideId "14120828"]
[WhiteElo "2628"]
[BlackElo "2723"]
[Result "1/2-1/2"]
[Round "06"]
[TimeControl "180+1"]
[Date "2021.08.03"]
[WhiteClock "0:01:06"]
[BlackClock "0:00:12"]

1. Nf3 d6 2. g3 f5 3. Bg2 Nf6 4. d4 g6 5. c4 Bg7 6. Nc3 O-O 7. O-O c6 8. d5 e5 9. dxe6 Bxe6 10. Ng5 Bxc4 11. Bf4 h6 12. Nf3 Ne8 13. Rc1 Qe7 14. h4 Nd7 15. Qd2 Kh7 16. Rfe1 d5 17. e4 fxe4 18. Nxe4 Qd8 19. Neg5+ hxg5 20. Nxg5+ Kg8 21. Ne6 Qb6 22. Rc2 Rf7 23. Ng5 Rxf4 24. Qxf4 Nef6 25. Rxc4 dxc4 26. Qxc4+ Kh8 27. Re7 Rf8 28. Nf7+ Kh7 29. Ng5+ Kh8 30. Nf7+ Kh7 31. Ng5+ Kh8 1/2-1/2


[Site "https://www.chess.com"]

[Event "Titled Tuesday Blitz August 3 2021"]
[White "Ouellet, Maili-Jade"]
[Black "Ismagilov, Damir"]
[WhiteFideId "2620472"]
[BlackFideId "34199982"]
[WhiteElo "1886"]
[BlackElo "2075"]
[Result "0-1"]
[Round "06"]
[TimeControl "180+1"]
[Date "2021.08.03"]
[WhiteClock "0:00:03"]
[BlackClock "0:01:17"]

1. d4 d5 2. c4 dxc4 3. e4 Nf6 4. Nc3 e5 5. d5 c6 6. Bxc4 b5 7. Bb3 b4 8. Nce2 Nxe4 9. Qc2 Nc5 10. dxc6 Nxc6 11. Nf3 Be7 12. O-O O-O 13. Be3 Nxb3 14. Qxc6 Bd7 15. Qd5 Nxa1 16. Nxe5 Be6 17. Qxd8 Bxd8 18. Rxa1 Bf6 19. f4 Bxe5 20. fxe5 Rfc8 21. Nd4 a5 22. Kf2 a4 23. Ke2 a3 24. b3 h6 25. Kd3 Rc3+ 26. Ke2 Rac8 27. Bd2 Bg4+ 28. Ke1 Rd3 29. Nb5 Rc2 30. Bxb4 Rxg2 31. Kf1 Bh3 32. Rc1 Rc2+ 0-1


[Site "https://www.chess.com"]